 Dungeon Crawl Stone Soup version 0.23-a0-171-g5ae17c6e89 (webtiles) character file.

19600 Nellup the Covert (level 12, 0/51 HPs)
             Began as a Spriggan Enchanter on Sept 15, 2018.
             Was a High Priest of Dithmenos.
             Killed by divine providence
             ... invoked by a meliai
              (10 damage)
             ... on level 13 of the Dungeon.
             The game lasted 01:30:41 (18935 turns).

Nellup the Covert (Spriggan Enchanter)             Turns: 18935, Time: 01:30:41

Health: 0/51       AC:  3    Str:  4    XL:     12   Next: 38%
Magic:  33/34      EV: 29    Int: 20    God:    Dithmenos [*****.]
Gold:   499        SH:  6    Dex: 18    Spells: 19/27 levels left

rFire    + . .     SeeInvis +   a - +2 dagger (flame)
rCold    . . .     Gourm    .   (shield restricted)
rNeg     . . .     Faith    .   i - +0 robe
rPois    .         Spirit   .   (helmet restricted)
rElec    .         Reflect  +   e - +0 cloak
rCorr    .         Harm     .   (gloves unavailable)
MR       ++...                  (boots unavailable)
Stlth    +++++++++.             o - +6 amulet of reflection
HPRegen  0.17/turn              h - ring of magical power
MPRegen  0.24/turn              H - ring of protection from fire

@: wreathed by umbra, very quick
A: very small, unfitting armour, see invisible, herbivore, speed 3, slow
metabolism 2
a: Shadow Step, Shadow Form, Renounce Religion


You were on level 13 of the Dungeon.
You worshipped Dithmenos.
Dithmenos was extremely pleased with you.
You were not hungry.

You visited 2 branches of the dungeon, and saw 14 of its levels.

You collected 499 gold pieces.

Inventory:

Hand Weapons
 a - a +2 dagger of flaming (weapon)
 b - a +0 hunting sling
 r - a +0 blowgun
Missiles
 c - 140 sling bullets
 f - 280 stones (quivered)
 j - 88 poisoned needles
 p - 7 curare-tipped needles
 s - 8 needles of frenzy
 t - 2 needles of sleeping
Armour
 e - a +0 cloak (worn)
 i - a +0 robe (worn)
Jewellery
 g - an uncursed ring of ice {unknown}
 h - a ring of magical power (left hand)
 o - a +6 amulet of reflection (around neck)
 H - a ring of protection from fire (right hand)
Wands
 y - a wand of random effects (21)
 C - a wand of enslavement (7)
 N - a wand of paralysis (11)
Scrolls
 k - 6 scrolls of remove curse
 l - 7 scrolls of teleportation
 w - 2 scrolls of fog
 A - 5 scrolls of enchant weapon
 D - 5 scrolls of identify
 G - 2 scrolls of fear
 M - a scroll of amnesia
Potions
 m - 3 potions of heal wounds
 n - 3 potions of brilliance
 q - a potion of experience {unknown}
 u - a potion of resistance {unknown}
 v - 2 potions of agility {unknown}
 x - 4 potions of curing
 z - a potion of ambrosia {unknown}
 B - a potion of mutation {unknown}
 F - a potion of lignification {unknown}
 J - 3 potions of might
Comestibles
 d - 17 rations


   Skills:
 - Level 10.0 Short Blades
 + Level 12.8 Dodging
 + Level 14.8 Stealth
 - Level 8.0 Spellcasting
 + Level 12.3 Hexes
 - Level 5.0 Invocations
 - Level 3.0 Evocations


You had 19 spell levels left.
You knew the following spells:

 Your Spells              Type           Power        Failure   Level  Hunger
b - Ensorcelled Hibernat  Hex/Ice        ####..       1%          2    None
c - Confuse               Hex            ######..     1%          3    None
d - Dazzling Spray        Conj/Hex       ####..       1%          3    None

Your spell library contained the following spells:

 Spells                   Type           Power        Failure   Level  Hunger
 Confusing Touch          Hex            ######       1%          1    None
 Corona                   Hex            ######.      1%          1    None
 Summon Guardian Golem    Hex/Summ       ####....     1%          3    None
 Tukima's Dance           Hex            ######..     1%          3    None
 Summon Small Mammal      Summ           #...         9%          1    None
 Call Imp                 Summ           #.......     13%         2    None
 Metabolic Englaciation   Hex/Ice        ####......   19%         5    #####..
 Yara's Violent Unravell  Hex/Tmut       ####......   19%         5    #####..
 Call Canine Familiar     Summ           #.......     26%         3    None
 Gell's Gravitas          Tloc           #.........   26%         3    None
 Petrify                  Tmut/Erth      #.......     63%         4    ###....
 Summon Ice Beast         Ice/Summ       #.......     63%         4    ###....
 Summon Lightning Spire   Summ/Air       #.......     63%         4    ###....


Dungeon Overview and Level Annotations

Branches:
Dungeon (13/15) Temple (1/1) D:4 Lair (0/6) D:10 Orc (0/2) D:11 Vaults (0/5) D:12 D:13

Altars:
Ashenzari
Cheibriados
Dithmenos
Elyvilon
Fedhas
Gozag
Hepliaklqana
Kikubaaqudgha
Makhleb
Nemelex Xobeh
Okawaru
Qazlal
Ru
Sif Muna
Trog
Uskayaw
Vehumet
Wu Jian
Xom
Yredelemnul
Zin
The Shining One

Shops:
D:7 }   D:10 [

Portals:
Trove: D:12 (give 17 potions of curing)

Annotations:
D:12 exclusion: 2 downstairs
D:13 Nessos, Rupert, Urug


Innate Abilities, Weirdness & Mutations

You are very small and have problems with some larger weapons.
You are too small for most types of armour.
You have supernaturally acute eyesight. (SInv)
You are a herbivore.
You cover ground extremely quickly.
You need to consume almost no food.


Message History

The meliai closely misses you. x2
You block the meliai's attack. The meliai closely misses you.
You block the meliai's attack. The meliai completely misses you.
Things that are here:
an uncursed shortbow; 18 arrows The meliai calls down the wrath of its god upon you.
Something smites you!
You see here an arrow.
The meliai drinks a potion.
The meliai seems to speed up.
Items here: ( )) † an uncursed shortbow; 27 arrows; an enchanted shortbow; a centaur corpse The meliai mumbles some strange prayers to its god against you.
Something smites you!
* * * LOW HITPOINT WARNING * * *
Items here: ( )) ÷ 23 arrows; a shortbow x2; a centaur skeleton You see here an arrow.
The meliai mumbles some strange prayers to its god against you.
Something smites you!
You die...

### ..# #.# #(# ##
##.####... .# ######
#.......# .# ....#
#..###### ##.## ##..#
#..##########...###
##...###y@<..........#...#
##.#.)()y(###########...#.#
..........##(### ##.##.#
.#######..###.# #.#...
#....#.# #.....
#..#.#.########### #.....
#..#.............# ##....
#..#(#.#########.# ##..†
#..[.#.# #.# ##.#


You could see 2 meliai.

Vanquished Creatures
  Snorg (D:11)
  A centaur warrior (D:13)
  A tengu warrior (D:13)
  An unseen horror (D:10)
  Pikel (D:7)
  2 ugly things
  A manticore (D:11)
  Joseph (D:10)
  A centaur skeleton (D:13)
  A queen bee (D:8)
  A troll (D:11)
  A tengu conjurer (D:13)
  5 slime creatures (D:12)
  5 hippogriffs
  Sigmund (D:5)
  2 wyverns
  9 humans
  17 yaks
  2 basilisks (D:10)
  A warg (D:11)
  An acid dragon (D:12)
  A soldier ant (D:12)
  4 porcupines
  2 orc warriors (D:12)
  An eye of draining (D:12)
  2 ice beasts
  4 sky beasts
  A hornet zombie (D:9)
  4 slaves (D:7)
  7 ogres
  A phantom (D:10)
  17 centaurs
  A big kobold (D:11)
  6 bullfrogs
  A gnoll sergeant (D:7)
  3 scorpions
  A wyvern skeleton (D:7)
  22 killer bees
  A howler monkey (D:5)
  14 wights
  7 crimson imps
  6 hounds
  3 jellies
  3 orc wizards
  6 orc priests
  5 bullfrog skeletons
  7 iguanas
  Natasha (thrice) (D:4)
  10 worker ants
  2 hound zombies
  Robin (D:3)
  20 gnolls
  A howler monkey skeleton (D:4)
  11 adders
  2 shadow imps
  2 oozes
  2 adder skeletons (D:4)
  4 worms
  A dart slug (D:2)
  6 leopard geckos
  36 orcs
  2 ball pythons
  5 giant cockroaches
  18 goblins
  7 hobgoblins
  18 jackals
  3 quokkas
  A ball python skeleton (D:5)
  8 bats
  5 frilled lizards
  2 gnoll zombies (D:6)
  13 kobolds
  A leopard gecko skeleton (D:5)
  A leopard gecko zombie (D:4)
  9 rats
380 creatures vanquished.

Vanquished Creatures (collateral kills)
  A killer bee (D:8)
1 creature vanquished.

Vanquished Creatures (others)
  A killer bee (D:8)
  4 bushes (D:10)
  A fungus (D:10)
  15 plants (D:10)
21 creatures vanquished.

Grand Total: 402 creatures vanquished

Notes
Turn   | Place    | Note
-------+----------+-------------------------------------------
     0 | D:1      | Nellup the Spriggan Enchanter began the quest for the Orb.
     0 | D:1      | Reached XP level 1. HP: 9/9 MP: 5/5
   646 | D:1      | Reached XP level 2. HP: 10/13 MP: 7/7
   653 | D:1      | Learned a level 2 spell: Ensorcelled Hibernation
   839 | D:1      | Reached skill level 5 in Stealth
  1003 | D:1      | Reached XP level 3. HP: 15/16 MP: 0/8
  1687 | D:2      | Found a faded altar of an unknown god.
  1959 | D:2      | Noticed a moth of wrath
  1962 | D:2      | Found a bloodstained altar of Trog.
  2210 | D:2      | Reached XP level 4. HP: 21/21 MP: 10/10
  2670 | D:3      | Noticed Robin
  3195 | D:3      | Killed Robin
  3195 | D:3      | Reached skill level 6 in Stealth
  3424 | D:3      | Learned a level 3 spell: Confuse
  3591 | D:3      | Reached XP level 5. HP: 24/24 MP: 12/12
  3605 | D:3      | Reached skill level 5 in Hexes
  5467 | D:4      | Noticed Natasha
  5475 | D:4      | Killed Natasha
  5475 | D:4      | Reached skill level 5 in Spellcasting
  5511 | D:4      | Reached XP level 6. HP: 28/28 MP: 9/14
  5545 | D:4      | Reached skill level 7 in Stealth
  5804 | D:4      | Noticed Natasha
  5837 | D:4      | Killed Natasha
  6574 | D:4      | Noticed Natasha
  6584 | D:4      | Found a staircase to the Ecumenical Temple.
  6594 | Temple   | Entered the Ecumenical Temple
  6717 | Temple   | Became a worshipper of Dithmenos the Shadowed
  6884 | D:4      | Reached XP level 7. HP: 32/32 MP: 16/16
  7022 | D:4      | Killed Natasha
  7498 | D:5      | Entered Level 5 of the Dungeon
  7916 | D:5      | Learned a level 3 spell: Dazzling Spray
  8011 | D:5      | Noticed Sigmund
  8113 | D:5      | Killed Sigmund
  8113 | D:5      | Reached XP level 8. HP: 25/36 MP: 10/19
  8549 | D:5      | Reached skill level 5 in Short Blades
  9056 | D:6      | Reached * piety under Dithmenos
  9714 | D:6      | Reached skill level 8 in Stealth
  9740 | D:6      | Reached skill level 5 in Dodging
 10205 | D:6      | Found a basalt altar of Yredelemnul.
 10347 | D:7      | Reached XP level 9. HP: 39/39 MP: 20/20
 10597 | D:7      | Noticed Pikel
 10659 | D:7      | Killed Pikel
 10659 | D:7      | Reached skill level 9 in Stealth
 11185 | D:7      | Reached skill level 10 in Stealth
 11359 | D:7      | Found Gehergh's Gadget Emporium.
 11697 | D:7      | Reached ** piety under Dithmenos
 11704 | D:7      | Reached XP level 10. HP: 44/44 MP: 12/21
 11933 | D:7      | Found a radiant altar of Vehumet.
 12891 | D:8      | Found a hide-covered altar of Uskayaw.
 13399 | D:8      | Found a snail-covered altar of Cheibriados.
 13399 | D:8      | Found an opulent altar of Gozag.
 13456 | D:8      | Reached *** piety under Dithmenos
 13456 | D:8      | Reached skill level 11 in Stealth
 13507 | D:8      | Found an iron altar of Okawaru.
 13513 | D:8      | Found a burning altar of Makhleb.
 13516 | D:8      | Found a blossoming altar of Fedhas.
 13650 | D:9      | Reached skill level 10 in Hexes
 13797 | D:9      | Found a deep blue altar of Sif Muna.
 13847 | D:9      | Reached skill level 1 in Evocations
 14335 | D:9      | Reached skill level 10 in Short Blades
 14369 | D:10     | Entered Level 10 of the Dungeon
 14422 | D:10     | Noticed an unseen horror
 14430 | D:10     | Killed an unseen horror
 14649 | D:10     | Noticed Joseph
 14656 | D:10     | Found a staircase to the Lair.
 14657 | D:10     | Killed Joseph
 14657 | D:10     | Reached skill level 1 in Invocations
 14871 | D:10     | Reached XP level 11. HP: 47/47 MP: 24/24
 14873 | D:10     | Reached skill level 12 in Stealth
 15073 | D:10     | Reached skill level 10 in Dodging
 15243 | D:10     | Found Xuddair's Armour Boutique.
 15694 | D:11     | Noticed Snorg
 15708 | D:11     | Killed Snorg
 15708 | D:11     | Reached **** piety under Dithmenos
 15783 | D:11     | Found a staircase to the Orcish Mines.
 16223 | D:11     | Reached skill level 13 in Stealth
 17011 | D:12     | Found a portal to a secret trove of treasure.
 17507 | D:12     | Noticed a purple ugly thing
 17515 | D:12     | Killed a purple ugly thing
 17515 | D:12     | Reached ***** piety under Dithmenos
 17611 | D:12     | Reached skill level 5 in Invocations
 17712 | D:13     | Found a gate to the Vaults.
 17712 | D:13     | Noticed Nessos
 17712 | D:13     | Noticed Rupert
 17712 | D:13     | Noticed Urug
 18064 | D:13     | Noticed a centaur warrior
 18074 | D:12     | Reached XP level 12. HP: 51/51 MP: 25/25
 18087 | D:12     | Reached skill level 14 in Stealth
 18146 | D:13     | Noticed a centaur warrior
 18151 | D:13     | Killed a centaur warrior
 18343 | D:13     | Noticed a tengu warrior
 18497 | D:13     | Killed a tengu warrior
 18935 | D:13     | Killed from afar by a meliai

Vault maps used:
D:1:      nzn_arrival_settlement
D:2:      chequers_ecumenical_altar_island, tgw_trog
D:3:      wad_woods_river_04, uniq_robin
D:4:      minmay_temple_entry_glass, first_ration, uniq_natasha
D:5:      kennysheep_generic_room_10, uniq_sigmund
D:6:      lemuel_zombie_altar_yredelemnul
D:7:      vehumet_crystals, serial_shops, shop, nrook_mini_backslash, uniq_pikel
D:8:      grunt_temple_overflow_diamond, gammafunk_temple_overflow_elements,
          eat_drink_and_be_merry_uskayaw, david_nohive_1, minmay_misc_feat_five,
          grunt_decor_arrowhead, minmay_misc_feat_encased,
          minmay_misc_feat_diagonals
D:9:      lemuel_crystal_altar
D:10:     minmay_lair_entry_grove, serial_shops, shop, uniq_joseph
D:11:     david_orc_3, uniq_snorg
D:12:     nicolae_trove_entry_free_sample
D:13:     david_vaults_3, due_unseen_surprise
Temple:   nicolae_temple_figure_eight

Skill      XL: |  1  2  3  4  5  6  7  8  9 10 11 12 |
---------------+-------------------------------------+-----
Spellcasting   | 3 4 5 7 8 |  8.0
Hexes          | 4 5 6 7 8 9 10 11 12 | 12.3
Stealth        | 5 6 7 8 10 11 13 14 | 14.8
Short Blades   | 2 4 6 8 10 | 10.0
Dodging        | 5 7 9 11 12 | 12.8
Evocations     | 3 |  3.0
Invocations    | 1 5 |  5.0

Action                   |  1- 3 |  4- 6 |  7- 9 | 10-12 || total
-------------------------+-------+-------+-------+-------++-------
Melee: Dagger            |   103 |    89 |   156 |   260 ||   608
 Fire: Hunting sling     |    10 |    88 |    16 |    15 ||   129
 Cast: Corona            |     1 |       |       |       ||     1
       Ensorcelled Hiber |    27 |    68 |   114 |   206 ||   415
       Confuse           |       |     3 |    19 |    24 ||    46
Evoke: Wand              |       |       |       |     1 ||     1
  Use: Scroll            |       |     1 |    15 |    10 ||    26
       Potion            |       |       |       |     1 ||     1
 Stab: Sleeping          |    22 |    51 |    66 |   155 ||   294
       Confused          |       |     2 |    12 |    19 ||    33
       Distracted        |       |       |       |     2 ||     2
  Eat: Ration            |       |     3 |     3 |     3 ||     9
Armor: Robe              |    13 |    13 |     8 |     3 ||    37
Dodge: Dodged            |   106 |    88 |    89 |   173 ||   456
Block: Other             |       |    14 |    26 |    48 ||    88
       Reflection        |       |       |     3 |     5 ||     8

Table legend:
 A = Non-vault XP
 B = Vault XP
 C = Vault XP percentage of total XP
 D = Non-vault monster count
 E = Vault monster count
 F = Vault count percentage of total count
                 A         B        C        D         E       F
            +---------+---------+-------+---------+---------+-------
      Total |   19781 |    8220 |  29.4 |     309 |      69 |  18.3
            +---------+---------+-------+---------+---------+-------
        D:1 |      62 |       0 |   0.0 |      30 |       0 |   0.0
        D:2 |      56 |      23 |  29.1 |      22 |      14 |  38.9
        D:3 |     148 |      17 |  10.3 |      25 |       2 |   7.4
        D:4 |     672 |      35 |   5.0 |      29 |       1 |   3.3
        D:5 |     527 |     325 |  38.1 |      11 |       3 |  21.4
        D:6 |     825 |       2 |   0.2 |      26 |       2 |   7.1
        D:7 |    2291 |     824 |  26.5 |      36 |       2 |   5.3
        D:8 |     957 |    1116 |  53.8 |      24 |      15 |  38.5
        D:9 |     807 |       0 |   0.0 |      10 |       0 |   0.0
       D:10 |    2139 |    2500 |  53.9 |      19 |      12 |  38.7
       D:11 |    3613 |    1293 |  26.4 |      36 |       7 |  16.3
       D:12 |    3498 |    1538 |  30.5 |      26 |       8 |  23.5
       D:13 |    4186 |     547 |  11.6 |      15 |       3 |  16.7
            +---------+---------+-------+---------+---------+-------
